 Dungeon Crawl Stone Soup version 0.22-a0-392-g5dc3fd9 (webtiles) character file.

15101 DrEnzyme the Grappler (level 11, -4/98 HPs)
             Began as a Troll Fighter on Apr 30, 2018.
             Slain by a stone giant (19 damage)
             ... on level 2 of the Orcish Mines.
             The game lasted 00:55:59 (9428 turns).

DrEnzyme the Grappler (Troll Fighter)               Turns: 9428, Time: 00:55:59

Health: -4/98      AC: 21    Str: 28    XL:     11   Next: 97%
Magic:  0/19       EV: 10    Int:  4    God:    Xom [..*...]
Gold:   231        SH: 11    Dex: 12    Spells: 10/10 levels left

rFire    . . .     SeeInvis .     - Unarmed
rCold    + + .     Gourm    +   b - +0 shield
rNeg     + . .     Faith    .   k - +5 ice dragon scales
rPois    .         Spirit   +   (helmet restricted)
rElec    .         Reflect  .   T - +0 cloak
rCorr    .         Harm     .   (gloves unavailable)
MR       .....                  (boots unavailable)
Stlth    ..........             E - amulet of guardian spirit
HPRegen  0.66/turn              G - ring of positive energy
MPRegen  0.16/turn              S - ring of magical power

@: no status effects
A: large, unfitting armour, antennae 1, claws 3, thin skeletal structure 1, fire
resistance 1, fast metabolism 3, gourmand, regeneration 1, shaggy fur 2, tough
skin 2
a: Renounce Religion


You were on level 2 of the Orcish Mines.
You worshipped Xom.
You were a toy of Xom.
You were not hungry.

You visited 3 branches of the dungeon, and saw 14 of its levels.
You also visited: Ossuary.

You collected 1126 gold pieces.
You spent 895 gold pieces at shops.

Inventory:

Hand Weapons
 g - a +3 dagger
 l - a +0 mace of protection
 n - a +2 flail of holy wrath
 p - a +1 dagger of venom
 w - a +0 falchion
 y - a +2 spear of piercing
 B - the +7 dagger of Zin's Benevolence {pierce, rF- MR++}
   (You bought it in a shop on level 4 of the Dungeon)

   It inflicts extra damage upon your enemies.
   It makes you vulnerable to fire.
   It affects your resistance to hostile enchantments.
Missiles
 h - 7 tomahawks of dispersal (quivered)
Armour
 b - a +0 shield (worn)
 k - +5 ice dragon scales (worn)
 T - a +0 cloak (worn)
Jewellery
 E - an amulet of guardian spirit (around neck)
 G - a ring of positive energy (left claw)
 S - a ring of magical power (right claw)
Wands
 K - a wand of paralysis (13)
 L - a wand of flame (35)
 M - a wand of acid (6)
 U - a wand of random effects (23)
Scrolls
 f - 4 scrolls of amnesia
 i - 4 scrolls of noise
 m - 5 scrolls of immolation
 o - 2 scrolls of teleportation
 r - 4 scrolls of fear
 t - 4 scrolls of remove curse
 x - 2 scrolls of fog
 D - a scroll of blinking {unknown}
 J - 2 scrolls of enchant weapon {unknown}
 N - a scroll of random uselessness {unknown}
 O - a scroll of summoning {unknown}
 Q - a scroll of identify
 R - a scroll of vulnerability {unknown}
Potions
 c - 5 potions of might
 e - 4 potions of lignification
 q - 4 potions of haste
 s - 2 potions of magic
 u - 4 potions of degeneration
 v - a potion of brilliance
 z - a potion of resistance
 A - 3 potions of agility
 F - 3 potions of curing
 H - a potion of flight
 I - a potion of berserk rage
 P - 2 potions of cancellation
Comestibles
 d - 14 rations


   Skills:
 + Level 3.9 Fighting
 + Level 6.4 Armour
 + Level 5.7 Dodging
 + Level 0.9 Stealth
 + Level 8.0 Shields
 + Level 13.3 Unarmed Combat
 + Level 0.3 Evocations


You had 10 spell levels left.
You didn't know any spells.

Dungeon Overview and Level Annotations

Branches:
Dungeon (11/15)            Temple (0/1) D:5            Lair (1/6) D:9
    Orc (2/2) D:11            Elf (0/3) Orc:2

Altars:
Ashenzari
Dithmenos
Elyvilon
Fedhas
Hepliaklqana
Kikubaaqudgha
Nemelex Xobeh
Okawaru
Ru
Trog
Uskayaw
Wu Jian
Xom
The Shining One

Shops:
D:4 *   D:6 ?   D:10 *?!}   Orc:2 **

Annotations:
D:3 exclusion: downstairs


Innate Abilities, Weirdness & Mutations

You are too large for most types of armour.
You have claws for hands.
Your metabolism is lightning-fast.
You like to eat raw meat.
Your natural rate of healing is unusually fast.
You are covered in thick fur. (AC +2)
You have very tough skin. (AC +2)
You have a pair of small antennae on your head.
You have a somewhat thin skeletal structure. (Dex +2, Stealth)
Your flesh is heat resistant. (rF+)


Message History

You claw the stone giant!
The stone giant is moderately wounded.
The stone giant misses you.
You scratch the stone giant but do no damage.
The stone giant is moderately wounded.
The stone giant hits you.
You claw the stone giant!
The stone giant is heavily wounded.
The stone giant hits you!!
You claw the stone giant!
The stone giant is severely wounded.
You claw the stone giant!
The stone giant is severely wounded.
The stone giant hits you!!
* * * LOW HITPOINT WARNING * * *
You emit a cloud of colourful smoke!
You claw the stone giant!
The stone giant is almost dead.
The stone giant hits you!!
You die...

..............#..##.#............
.................#..............#
..........#...#._............
............................
............................
.................##..#.#.##
..........................#
....................#....#
.....5.........C@§.......##
C............###§§$...#...##
5..............#.#...###..5##
)#........#....)(.#...#...o.##
....#....#####.#.(.#)....##5o##
...#......# ####..).)..####oo##
..#......## #.....### ##oo##
.###.##...# #.........# ##oo# ##
## #.## #.#.........# ##oo


You could see a stone giant.

Vanquished Creatures
  Harold (D:10)
  3 two-headed ogres
  Urug (D:11)
  Sonja (Lair:1)
  An orc sorcerer (Orc:2)
  An ugly thing (D:11)
  Joseph (D:7)
  A kobold demonologist (D:11)
  Grinder (D:6)
  3 hornets (D:8)
  2 hippogriffs (D:11)
  Sigmund (D:3)
  A wraith (D:10)
  2 humans (D:7)
  Menkaure (D:4)
  A warg (Orc:2)
  Duvessa (D:4)
  13 orc warriors
  A porcupine (Lair:1)
  2 ice beasts
  4 sky beasts
  3 phantoms
  2 black bears (D:10)
  6 ogres
  The ghost of DrEnzyme the Chopper, an amateur DrWn (D:4)
  A centaur (D:10)
  6 bullfrogs
  An elf skeleton (D:5)
  12 scorpions (Ossuary)
  3 wights (D:10)
  4 howler monkeys
  4 centaur zombies (Ossuary)
  2 quasits
  3 jellies
  5 hounds
  11 orc wizards
  A centaur skeleton (D:4)
  A gnoll shaman (D:6)
  2 bullfrog skeletons
  A bullfrog zombie (D:11)
  4 human zombies (Ossuary)
  13 orc priests
  A human skeleton (D:5)
  2 iguanas
  Natasha (thrice) (D:3)
  8 worker ants
  2 big kobold zombies (Ossuary)
  3 mummies (Ossuary)
  11 gnolls
  12 adders
  4 scorpion zombies (Ossuary)
  4 shadow imps
  An ooze (D:3)
  2 adder skeletons
  An adder zombie (D:11)
  4 worms
  2 dart slugs
  3 leopard geckos
  47 orcs
  6 bats
  4 giant cockroaches
  2 gnoll zombies (Ossuary)
  7 goblins
  6 hobgoblins
  15 jackals
  4 kobolds
  3 quokkas
  3 frilled lizards
  3 hobgoblin zombies (Ossuary)
  A kobold zombie (Ossuary)
  A leopard gecko zombie (D:8)
  2 orc skeletons (D:5)
  2 orc zombies (D:5)
  A quokka zombie (D:5)
  10 rats
  2 fungi (D:9)
311 creatures vanquished.

Vanquished Creatures (collateral kills)
  The ghost of DrEnzyme the Fighter, a journeyman DrWn of Okawaru (D:11)
  An ugly thing (D:11)
  A troll (Orc:2)
  An ogre (D:11)
  2 bullfrogs (D:11)
  Dowan (D:4)
  A bullfrog zombie (D:11)
  An orc priest (D:4)
  A worker ant (D:11)
  5 orcs (D:4)
15 creatures vanquished.

Vanquished Creatures (others)
  2 orc warriors (Orc:2)
  An orc priest (Orc:2)
  An orc wizard (Orc:2)
  An orc (D:10)
5 creatures vanquished.

Grand Total: 331 creatures vanquished

Notes
Turn   | Place    | Note
-------+----------+-------------------------------------------
     0 | D:1      | DrEnzyme the Troll Fighter began the quest for the Orb.
     0 | D:1      | Reached XP level 1. HP: 22/22 MP: 0/0
    93 | D:1      | Reached XP level 2. HP: 29/29 MP: 1/1
   954 | D:2      | Reached XP level 3. HP: 36/36 MP: 2/2
  1065 | D:2      | Found a shadowy altar of Dithmenos.
  1209 | D:2      | Found a shimmering altar of Xom.
  1236 | D:2      | Became a worshipper of Xom of Chaos
  1282 | D:2      | Reached XP level 4. HP: 44/44 MP: 3/3
  1366 | D:2      | XOM: silly message
  1717 | D:3      | Noticed Natasha
  1725 | D:3      | Killed Natasha
  1725 | D:3      | Reached skill level 3 in Unarmed Combat
  1772 | D:3      | Noticed Sigmund
  1787 | D:3      | Killed Sigmund
  1787 | D:3      | Reached skill level 1 in Armour
  1787 | D:3      | Reached skill level 4 in Unarmed Combat
  1787 | D:3      | Reached XP level 5. HP: 52/52 MP: 4/4
  1809 | D:3      | Found a hide-covered altar of Uskayaw.
  1849 | D:3      | Reached XP level 6. HP: 59/59 MP: 5/5
  1908 | D:3      | Found a glowing golden altar of the Shining One.
  2031 | D:3      | Found an ancient bone altar of Kikubaaqudgha.
  2126 | D:3      | Noticed Natasha
  2130 | D:3      | Killed Natasha
  2172 | D:3      | XOM: cloud trail
  2317 | D:3      | Noticed Natasha
  2324 | D:3      | Killed Natasha
  2387 | D:4      | XOM: potion effect (agility)
  2394 | D:4      | XOM: divination: magic mapping
  2395 | D:4      | XOM: enchant monster (bad)
  2396 | D:4      | XOM: summons friendly ufetubus
  2400 | D:4      | Noticed Menkaure
  2459 | D:4      | XOM: potion effect (agility)
  2460 | D:4      | Reached skill level 5 in Unarmed Combat
  2506 | D:4      | XOM: harmless Tloc miscast
  2512 | D:4      | Reached XP level 7. HP: 66/66 MP: 6/6
  2534 | D:4      | XOM: summons friendly quasit
  2536 | D:4      | Killed Menkaure
  2662 | D:4      | Noticed DrEnzyme's ghost (amateur DrWn)
  2666 | D:4      | XOM: harmless Hex miscast
  2666 | D:4      | Reached skill level 6 in Unarmed Combat
  2676 | D:4      | Killed DrEnzyme's ghost
  2694 | D:4      | Noticed Dowan
  2695 | D:4      | Noticed Duvessa
  2700 | D:4      | Killed Duvessa
  2703 | D:4      | Killed Dowan
  2703 | D:4      | Reached XP level 8. HP: 51/75 MP: 7/7
  2748 | D:4      | XOM: cast spell 'Summon Ice Beast'
  2793 | D:4      | Gained mutation: You have a somewhat thin skeletal structure. (Dex +2, Stealth) [potion of mutation]
  2793 | D:4      | Gained mutation: Your magical capacity is low. (-10% MP) [potion of mutation]
  2793 | D:4      | Gained mutation: You occasionally shout uncontrollably at your foes. [potion of mutation]
  2793 | D:4      | Gained mutation: You are covered in thick fur. (AC +2) [potion of mutation]
  2879 | D:4      | Found Kiafoh's Assorted Antiques.
  2910 | D:4      | Bought a pitted dagger for 182 gold pieces
  2910 | D:4      | Identified the +7 dagger of Zin's Benevolence {pierce, rF- MR++} (You bought it in a shop on level 4 of the Dungeon)
  2948 | D:4      | Found an ornate altar of the Wu Jian Council.
  3007 | D:5      | Entered Level 5 of the Dungeon
  3015 | D:5      | Reached skill level 5 in Shields
  3015 | D:5      | Reached skill level 7 in Unarmed Combat
  3041 | D:5      | XOM: harmless Erth miscast
  3128 | D:5      | Found a sand-covered staircase.
  3135 | Ossuary  | Entered an ossuary
  3152 | Ossuary  | XOM: noise
  3208 | Ossuary  | XOM: potion effect (agility)
  3213 | Ossuary  | Reached skill level 8 in Unarmed Combat
  3225 | Ossuary  | XOM: mild Ice miscast
  3255 | Ossuary  | Reached XP level 9. HP: 74/81 MP: 7/7
  3999 | D:5      | Found a staircase to the Ecumenical Temple.
  4297 | D:5      | XOM: enchant monster (bad)
  4304 | D:5      | Reached skill level 9 in Unarmed Combat
  4481 | D:6      | Found a shadowy altar of Dithmenos.
  4510 | D:6      | XOM: divination: magic mapping
  4641 | D:6      | Found a sacrificial altar of Ru.
  4695 | D:6      | XOM: silly message
  4743 | D:6      | XOM: god gift: 7 gold pieces
  4818 | D:6      | Found a blossoming altar of Fedhas.
  5005 | D:6      | Found Romu Qej's Magic Scroll Emporium.
  5011 | D:6      | Bought a scroll of enchant armour for 105 gold pieces
  5022 | D:6      | Noticed Grinder
  5029 | D:6      | Killed Grinder
  5490 | D:6      | XOM: noise
  5571 | D:6      | Reached skill level 5 in Dodging
  5659 | D:7      | Found a shattered altar of Ashenzari.
  5889 | D:7      | Reached XP level 10. HP: 62/91 MP: 4/8
  5917 | D:7      | Noticed Joseph
  5920 | D:7      | XOM: noise
  5921 | D:7      | XOM: destruction
  5929 | D:7      | Killed Joseph
  5929 | D:7      | Reached skill level 10 in Unarmed Combat
  6016 | D:7      | Found an iron altar of Okawaru.
  6096 | D:7      | Found a hazy altar of Hepliaklqana.
  6190 | D:7      | XOM: mild Summ miscast
  6404 | D:8      | Found a bloodstained altar of Trog.
  6472 | D:8      | Found a sparkling altar of Nemelex Xobeh.
  6624 | D:8      | Noticed a two-headed ogre
  6633 | D:8      | XOM: smoke on damage
  6634 | D:8      | Killed a two-headed ogre
  6667 | D:8      | XOM: harmless Erth miscast
  6696 | D:8      | XOM: noise
  6700 | D:8      | Reached skill level 5 in Armour
  6702 | D:8      | Reached skill level 11 in Unarmed Combat
  6704 | D:8      | Paralysed by a hornet for 1 turns
  6706 | D:8      | Paralysed by a hornet for 2 turns
  7169 | D:9      | XOM: medium Hex miscast
  7304 | D:9      | Found a white marble altar of Elyvilon.
  7356 | D:9      | XOM: 2-stop teleportation journey
  7415 | D:9      | Noticed a two-headed ogre
  7417 | D:9      | XOM: 7-stop teleportation journey
  7421 | D:9      | Killed a two-headed ogre
  7469 | D:9      | Found a staircase to the Lair.
  7475 | Lair:1   | Entered Level 1 of the Lair of Beasts
  7490 | Lair:1   | Noticed Sonja
  7497 | Lair:1   | Killed Sonja
  7499 | Lair:1   | Reached XP level 11. HP: 67/97 MP: 5/8
  7562 | Lair:1   | Noticed an eight-headed hydra
  7607 | D:10     | Entered Level 10 of the Dungeon
  7607 | D:10     | Found Qekhler's Distillery.
  7678 | D:10     | Found Eposuhusid's Magic Scroll Boutique.
  7691 | D:10     | Bought a scroll of enchant armour for 97 gold pieces
  7691 | D:10     | Bought a scroll of enchant armour for 97 gold pieces
  7746 | D:10     | Found Cihum's Gadget Emporium.
  7930 | D:10     | Found Qicel's Assorted Antiques.
  7933 | D:10     | Noticed Harold
  7948 | D:10     | Killed Harold
  8108 | D:10     | Lost mutation: You occasionally shout uncontrollably at your foes. [potion of mutation]
  8108 | D:10     | Lost mutation: Your magical capacity is low. (-10% MP) [potion of mutation]
  8108 | D:10     | Gained mutation: You have a pair of small antennae on your head. [potion of mutation]
  8108 | D:10     | Gained mutation: Your flesh is heat resistant. (rF+) [potion of mutation]
  8140 | D:10     | Noticed a two-headed ogre
  8145 | D:10     | XOM: scenery: 1 doors close
  8150 | D:10     | XOM: enchant monster (bad)
  8152 | D:10     | Killed a two-headed ogre
  8152 | D:10     | Reached skill level 12 in Unarmed Combat
  8210 | D:10     | Bought a wand of random effects (33) for 227 gold pieces
  8471 | D:10     | XOM: divination: magic mapping
  8528 | D:11     | Noticed Urug
  8529 | D:11     | XOM: enchant monster (good)
  8533 | D:11     | XOM: divination: magic mapping
  8552 | D:11     | XOM: noise
  8586 | D:11     | Killed Urug
  8598 | D:11     | XOM: potion effect (might)
  8603 | D:11     | XOM: scenery: create altars
  8609 | D:11     | XOM: cleaving
  8625 | D:11     | Noticed DrEnzyme's ghost (journeyman DrWn)
  8627 | D:11     | Found a staircase to the Orcish Mines.
  8651 | D:11     | Killed DrEnzyme's ghost
  8661 | D:11     | Noticed a brown ugly thing
  8662 | D:11     | Noticed a purple ugly thing
  8667 | D:11     | Killed a brown ugly thing
  8670 | D:11     | Killed a purple ugly thing
  8698 | Orc:1    | Entered Level 1 of the Orcish Mines
  8851 | Orc:2    | Entered Level 2 of the Orcish Mines
  8851 | Orc:2    | Noticed an orc sorcerer
  8859 | Orc:2    | Killed an orc sorcerer
  8859 | Orc:2    | Reached skill level 13 in Unarmed Combat
  8871 | Orc:2    | Found a staircase to the Elven Halls.
  8935 | Orc:2    | Found Xaext's Assorted Antiques.
  8942 | Orc:2    | Found a bloodstained altar of Trog.
  8948 | Orc:2    | Bought a scroll of enchant armour for 187 gold pieces
  8986 | Orc:2    | XOM: 1-stop teleportation journey
  8991 | Orc:2    | XOM: divination: detect items
  9023 | Orc:2    | XOM: divine lightning
  9052 | Orc:2    | XOM: confuse monster(s)
  9066 | Orc:2    | Noticed a stone giant
  9239 | Orc:2    | XOM: smoke on damage
  9246 | Orc:2    | XOM: confusion
  9293 | Orc:2    | Noticed an orc knight
  9297 | Orc:2    | Found Jihuakhly's General Store.
  9324 | Orc:2    | XOM: summons 3 hostile demons
  9381 | Orc:2    | XOM: summons 8 friendly demons
  9419 | Orc:2    | XOM: scenery: create altars
  9427 | Orc:2    | XOM: smoke on damage
  9428 | Orc:2    | Slain by a stone giant

Vault maps used:
D:1:      dpeg_arrival_leaves_temple_mockup, kennysheep_another_room,
          serial_bayou_pond_e
D:2:      nicolae_dithmenos_through_a_glass_darkly, lemuel_round_altar,
          first_ration, minivault_4
D:3:      tso_oasis_becter, eat_drink_and_be_merry_uskayaw,
          lemuel_crystal_altar, uniq_sigmund, uniq_natasha
D:4:      nicolae_overflow_crystal_walls, serial_shops,
          nicolae_shop_overgrown_old_shop, uniq_menkaure, uniq_duvessa
D:5:      temple_hall, cheibrodos_sewer_entry_bend,
          nicolae_ossuary_entry_catacombs
D:6:      nicolae_ru_sacrificial_ziggurat, kennysheep_little_box, basic_altar,
          serial_shops, shop, kennysheep_opposing_triangles, uniq_grinder
D:7:      cheibrodos_ashenzari_chains, okawaru_humans,
          overflow_temple_1_default, grunt_decor_one_mirror, uniq_joseph
D:8:      old_standard_altar, nemelex_xobeh_ov_fountains_minmay,
          hangedman_pestilent_swarm, hex_tiny
D:9:      lair_entry_dummy, hangedman_decor_peaks_small, nicolae_sextant,
          minmay_gold_behind_fungi, minmay_misc_feat_chi, elyvilon_altar_5
D:10:     serial_shops, shop, nicolae_shop_temple_entry_statues_fountains,
          nicolae_shop_trees, nicolae_shop_temple_entry_statues_fountains,
          uniq_harold
D:11:     david_orc_3, eino_curves_04, uniq_urug
Lair:1:   grunt_megastairs_2, serial_bayou_shore_a, uniq_sonja
Orc:1:    portal_ice_cave_entry_imps, hangedman_minor_magic
Orc:2:    pf_orc_diabolical, serial_shops, nicolae_shop_statue_plus, bloody_trog
Ossuary:  ossuary_minmay_scorpions

Skill      XL: |  1  2  3  4  5  6  7  8  9 10 11 |
---------------+----------------------------------+-----
Dodging        | 3 4 5 |  5.7
Shields        | 3 4 5 6 7 8 |  8.0
Unarmed Combat | 4 5 6 8 9 11 13 | 13.3
Armour         | 1 2 3 4 5 6 |  6.4
Fighting       | 3 |  3.9
Stealth        | |  0.9
Evocations     | |  0.3

Action                   |  1- 3 |  4- 6 |  7- 9 | 10-12 || total
-------------------------+-------+-------+-------+-------++-------
Melee: Unarmed           |   125 |   120 |   389 |   440 ||  1074
Evoke: Wand              |       |       |       |    10 ||    10
  Use: Scroll            |     1 |       |    19 |     9 ||    29
       Potion            |       |     5 |     1 |     4 ||    10
 Stab: Sleeping          |     1 |       |       |       ||     1
       Distracted        |       |       |     1 |       ||     1
       Confused          |       |       |       |     1 ||     1
  Eat: Chunk             |     8 |    10 |    21 |    15 ||    54
       Ration            |     1 |       |     3 |     6 ||    10
Armor: Robe              |     8 |       |       |       ||     8
       Ice dragon scales |    83 |    60 |   129 |   164 ||   436
Dodge: Dodged            |    39 |    32 |    98 |   115 ||   284
Block: Shield            |    56 |    52 |   191 |   212 ||   511

Table legend:
 A = Spawn XP
 B = Non-spawn XP
 C = Spawn XP percentage of total XP
 D = Spawn monster count
 E = Non-spawn monster count
 F = Spawn count percentage of total count
 G = Total turns spent on level
                    A         B        C        D         E        F      G
               +---------+---------+-------+---------+---------+-------+---------
         Total |       0 |   21573 |   0.0 |       0 |     327 |   0.0 |  9428
               +---------+---------+-------+---------+---------+-------+---------
           D:1 |       0 |      39 |   0.0 |       0 |      20 |   0.0 |   946
           D:2 |       0 |      58 |   0.0 |       0 |      21 |   0.0 |   624
           D:3 |       0 |     537 |   0.0 |       0 |      27 |   0.0 |   865
           D:4 |       0 |    1132 |   0.0 |       0 |      37 |   0.0 |   572
           D:5 |       0 |     944 |   0.0 |       0 |      30 |   0.0 |   901
           D:6 |       0 |    1319 |   0.0 |       0 |      31 |   0.0 |  1268
           D:7 |       0 |    1419 |   0.0 |       0 |      12 |   0.0 |   712
           D:8 |       0 |    2184 |   0.0 |       0 |      20 |   0.0 |   713
           D:9 |       0 |     997 |   0.0 |       0 |       3 |   0.0 |   418
          D:10 |       0 |    3345 |   0.0 |       0 |      23 |   0.0 |   866
          D:11 |       0 |    4694 |   0.0 |       0 |      32 |   0.0 |   225
        Lair:1 |       0 |    1019 |   0.0 |       0 |       3 |   0.0 |   105
         Orc:2 |       0 |    2534 |   0.0 |       0 |      33 |   0.0 |   577
       Ossuary |       0 |    1352 |   0.0 |       0 |      35 |   0.0 |   483
               +---------+---------+-------+---------+---------+-------+---------
